 Dungeon Crawl Stone Soup version 0.27-a0-1322-gfdffb62a71 (webtiles) character file.

Game seed: 5204044276126435918

53 senseless the Ruffian (level 3, -1/29 HPs)
             Began as a Draconian Transmuter on June 22, 2021.
             Was a Believer of Qazlal.
             Succumbed to a gnoll's poison
             ... on level 2 of the Dungeon.
             The game lasted 00:04:05 (1781 turns).

senseless the Ruffian (Draconian Transmuter)        Turns: 1781, Time: 00:04:05

Health: -1/29      AC:  7    Str: 12    XL:     3   Next: 62%
Magic:  6/6        EV: 12    Int: 14    God:    Qazlal [**....]
Gold:   79         SH:  2    Dex: 11    Spells: 3/6 levels left

rFire    . . .     SeeInvis .     - Unarmed
rCold    . . .     Faith    .   (no shield)
rNeg     . . .     Spirit   .   (armour unavailable)
rPois    .         Reflect  .   (helmet currently unavailable)
rElec    .         Harm     .   h - +1 cloak
rCorr    .         Rampage  .   (no gloves)
Will     .....                  (boots currently unavailable)
Stlth    +.........             (no amulet)
HPRegen  0.09/turn              (no ring)
MPRegen  0.10/turn              (no ring)

@: lethally poisoned (-1 -> -17), appendages (expiring)
A: horns 2, talons 2, AC +5, unfitting armour, cold-blooded
a: End Transformation, Renounce Religion, Upheaval


You were on level 2 of the Dungeon.
You worshipped Qazlal.
Qazlal was pleased with you.
You had temporarily grown beastly horns and talons.
You visited 1 branch of the dungeon, and saw 2 of its levels.

You collected 79 gold pieces.

Inventory:

Armour
 h - a +1 cloak (worn)
Scrolls
 a - a scroll of fog {unknown}
 e - a scroll of vulnerability {unknown}
 g - a scroll of magic mapping {unknown}
 i - 3 scrolls of identify {unknown}
Potions
 b - a potion of might {unknown}
 c - a potion of flight {unknown}
 d - a potion of attraction {unknown}
 f - a potion of brilliance {unknown}


   Skills:
 + Level 2.0 Fighting
 + Level 2.2 Dodging
 + Level 3.3 Unarmed Combat
 + Level 2.4 Spellcasting
 + Level 2.4 Transmutations


You had 3 spell levels left.
You knew the following spells:

 Your Spells              Type           Power      Damage    Failure   Level
a - Beastly Appendage     Tmut           16%        N/A       9%          1
b - Wereblood             Tmut           8%         N/A       12%         2

Your spell library contained the following spells:

 Spells                   Type           Power      Damage    Failure   Level
 Spider Form              Tmut/Pois      2%         N/A       38%         3
 Ice Form                 Ice/Tmut       5%         N/A       80%         4


Dungeon Overview and Level Annotations

Branches:
Dungeon (2/15)

Altars:
Qazlal
Wu Jian

Shops:
D:1 =


Innate Abilities, Weirdness & Mutations

You have temporarily grown beastly horns and talons.
Your plain brown scales are hard. (AC +5)
You cannot fit into any form of body armour.
You are cold-blooded and may be slowed by cold attacks.


Message History

You hit the frilled lizard.
You kill the frilled lizard!
Qazlal accepts your kill.
You can now call upon nature to destroy your foes.
No target in view!
Your horns disappear.
Your talons disappear.
Found 23 stones.
Found a stone staircase leading down.
Found a stone staircase leading up.
A gnoll comes into view. It is wielding a +1 spear of venom.
You grow a pair of large bovine horns.
Your feet morph into talons.
The gnoll hits you from afar with a +1 spear of venom!
You are poisoned.
You feel very sick. The gnoll barely misses you.
You hit the gnoll. Your kick misses the gnoll. You headbutt the gnoll.
The gnoll is moderately wounded.
You feel sick. The gnoll misses you.
You hit the gnoll.
The gnoll is moderately wounded.
Your transformation is almost over.
You feel sick. The gnoll hits you but does no damage.
You are more poisoned.
You barely miss the gnoll. Your kick misses the gnoll.
Your headbutt misses the gnoll.
The gnoll is moderately wounded.
You feel sick. The gnoll barely misses you.
You hit the gnoll.
The gnoll is severely wounded.
You feel very sick.
A hobgoblin comes into view.
The gnoll hits you with a +1 spear of venom.
* * * LOW HITPOINT WARNING * * *
You are more poisoned.
The hobgoblin moves out of view.
* * * LOW HITPOINT WARNING * * *
You feel very sick.
The hobgoblin shouts!
The gnoll barely misses you.
You die...

#. #. .##. ###### .....
...... #.#..#...... .
#####.#.#....... ...
#...g.#.........
.....######.>...#........#
......g..@......#....#####
.##..#####......#..(.....'
#........(....#........#
##..####.......#..##.##.#
#...#..........)<.†..##.#
#...+<............†####+#
#...##.............##....
####..................''....
#...........#.........##....


You could see a gnoll and a hobgoblin.

Vanquished Creatures
  A worm (D:2)
  4 endoplasms
  2 giant cockroaches (D:1)
  5 goblins
  2 hobgoblins
  7 jackals (D:1)
  4 kobolds
  5 quokkas
  5 bats
  6 frilled lizards
  3 rats
44 creatures vanquished.

Vanquished Creatures (others)
  A quokka (D:2)
1 creature vanquished.

Grand Total: 45 creatures vanquished

Notes
Turn   | Place    | Note
-------+----------+-------------------------------------------
     0 | D:1      | senseless the Draconian Transmuter began the quest for the
                  | Orb.
     0 | D:1      | Reached XP level 1. HP: 16/16 MP: 3/3
   296 | D:1      | Reached XP level 2. HP: 23/23 MP: 3/5
   931 | D:1      | Found a faded altar of an unknown god.
   942 | D:1      | Became a worshipper of Qazlal Stormbringer
   942 | D:1      | Reached * piety under Qazlal
  1042 | D:1      | Found Unuxkit's Jewellery Emporium.
  1216 | D:1      | Learned a level 2 spell: Wereblood
  1220 | D:2      | Reached XP level 3. HP: 29/29 MP: 4/6
  1282 | D:2      | Found an ornate altar of the Wu Jian Council.
  1740 | D:2      | Reached ** piety under Qazlal
  1781 | D:2      | Succumbed to a gnoll's poison

Illustrated notes

Levels and vault maps discovered:
D:1:      lemuel_arrival_muddy, layout_rooms, serial_shops,
          nicolae_diamond_shop, ebering_ecumenical_altar_mist,
          minmay_pentomino_x2
D:2:      minmay_inner_zag, layout_basic, serial_shops, nicolae_shop_trees,
          basic_altar

Skill      XL: |  1  2  3 |
---------------+----------+-----
Dodging        | 2 |  2.2
Fighting       | 2 |  2.0
Unarmed Combat | |  3.3
Spellcasting   | |  2.4
Transmutations | |  2.4

Action                   || total
-------------------------++-------
Melee: Unarmed           ||   133
       Tailslap          ||     6
       Kick              ||    21
       Headbutt          ||    12
 Cast: Beastly Appendage ||    28
Armor: Skin              ||    35
Dodge: Dodged            ||   106
Block: Other             ||     6

Table legend: (Time is in decaauts)
 A = Elapsed time spent in this place.
 B = Non-inter-level travel time spent in this place.
 C = Inter-level travel time spent in this place.
 D = Time resting spent in this place.
 E = Time spent auto-exploring this place.
 F = Levels seen in this place.
 G = Mean time per level.
                   A        B        C        D        E       F      G
               +--------+--------+--------+--------+--------+-----+--------+
         Total |   1774 |   1750 |     24 |      0 |   1455 |   2 |  887.0 |
       Dungeon |   1774 |   1750 |     24 |      0 |   1455 |   2 |  887.0 |
               +--------+--------+--------+--------+--------+-----+--------+

Top non-repeatable levels by time:
     D:1: 1214 daAuts
     D:2: 560 daAuts
